 Dungeon Crawl Stone Soup version 0.28.0-53-g5a82cb258f (webtiles) character file.

Game seed: 14374854056762470197

49 worthlessgem the Conjurer (level 3, -1/14 HPs)
             Began as a Felid Conjurer on Aug 23, 2022.
             Killed from afar by Natasha (8 damage)
             ... with a magic dart
             ... on level 2 of the Dungeon.
             The game lasted 00:08:02 (1654 turns).

worthlessgem the Conjurer (Felid Conjurer)          Turns: 1654, Time: 00:08:02

Health: -1/14      AC:  1    Str:  3    XL:     3   Next: 53%
Magic:  3/8        EV: 17    Int: 21    God:
Gold:   57         SH:  0    Dex: 14    Spells: 2/8 levels left
                                        Lives:  0   Deaths: 0

rFire   . . .      SeeInvis +   (weapon unavailable)
rCold   . . .      Faith    .   (shield unavailable)
rNeg    . . .      Spirit   .   (armour unavailable)
rPois   .          Reflect  .   (helmet unavailable)
rElec   .          Harm     .   (cloak unavailable)
rCorr   .          Rampage  .   (gloves unavailable)
Will    .....                   (boots unavailable)
Stlth   ++........              (no amulet)
HPRegen 0.04/turn               (no ring)
MPRegen 0.11/turn               (no ring)

@: slowed, slow
A: very small, claws 1, fangs 3, see invisible, speed 1, shaggy fur 1, stealthy
paws, no weapons or thrown items, no armour, multi-lived
a: no special abilities


You were on level 2 of the Dungeon.
You visited 1 branch of the dungeon, and saw 2 of its levels.

You collected 57 gold pieces.

Inventory:

Missiles
 c - 41 stones
Scrolls
 a - a scroll of teleportation {unknown}
 d - a scroll of immolation {unknown}
Potions
 b - a potion of haste {unknown}


   Skills:
 - Level 2.6 Dodging
 - Level 2.6 Stealth
 * Level 3.2 Spellcasting
 + Level 4.0 Conjurations


You had 2 spell levels left.
You knew the following spells:

 Your Spells              Type           Power      Damage    Failure   Level
a - Magic Dart            Conj           80%        1d7       2%          1
b - Searing Ray           Conj           40%        2d5       3%          2
c - Dazzling Flash        Conj/Hex       22%        N/A       17%         3

Your spell library contained the following spells:

 Spells                   Type           Power      Damage    Failure   Level
 Tukima's Dance           Hex            3%         N/A       36%         3
 Fulminant Prism          Conj/Hex       5%         3d7       50%         4
 Iskenderun's Mystic Bla  Conj/Tloc      11%        2d4       50%         4
 Anguish                  Hex/Necr       1%         N/A       78%         4
 Ice Form                 Ice/Tmut       3%         N/A       78%         4


Dungeon Overview and Level Annotations

Branches:
Dungeon (2/15)

Altars:

Annotations:
D:2 Natasha


Innate Abilities, Weirdness & Mutations

You have sharp claws.
You have razor-sharp teeth.
You have supernaturally acute eyesight. (SInv)
You cover ground quickly. (Speed+)
You are covered in fur. (AC +1)
Your paws help you pounce on unaware monsters.
You are incapable of wielding weapons or throwing items.
You cannot wear armour.
You gain extra lives every three experience levels.


Message History

(Press . to maintain the ray.)
The frilled lizard hisses angrily.
The bat hits you but does no damage.
The searing ray hits the bat.
You kill the bat!
The searing ray hits the frilled lizard.
You kill the frilled lizard!
The bat hits you but does no damage.
Casting: Searing Ray (safe; 3% risk of failure)
Confirm with . or Enter, or press ? or * to list all spells.
Aiming: Magic Dart (safe; 2% risk of failure)
Press: ? - help, Shift-Dir - straight line, f - bat
Aim: a bat (100% to hit)
The magic dart hits the bat.
You kill the bat!
d - a scroll labelled FIGHIBAEFAXE Natasha, Servant of Life and Death comes into view.
Casting: Magic Dart (safe; 2% risk of failure)
Confirm with . or Enter, or press ? or * to list all spells.
Aiming: Searing Ray (safe; 3% risk of failure)
Press: ? - help, Shift-Dir - straight line, f - Natasha
Aim: Natasha (asleep, 100% to hit)
The searing ray hits Natasha.
Natasha is moderately wounded.
Natasha hisses angrily. (Press . to maintain the ray.) Natasha casts a spell at you.
The magic dart hits you!
Ouch! That really hurt!
The searing ray hits Natasha!
Natasha is almost dead.
The searing ray misses Natasha.
Natasha casts a spell at you.
You feel yourself slow down.
The searing ray misses Natasha.
You finish channelling your searing ray.
Natasha stares at you and mumbles some strange words.
The magic dart hits you!
Ouch! That really hurt!
You die...

#.# ... #.#
##### ###
#.#+###....#
#.....#....#
#†....#....#
#.....#....#
#†....#....#
#.....#h...###
#.....@.......
#.....#....###
#......<......
##############


You could see Natasha.

Vanquished Creatures
  An adder (D:2)
  7 bats
  2 endoplasms (D:1)
  5 giant cockroaches
  4 goblins (D:1)
  A hobgoblin (D:2)
  2 jackals (D:1)
  4 quokkas
  2 frilled lizards
  3 kobolds
  6 rats
37 creatures vanquished.

Notes
Turn   | Place    | Note
-------+----------+-------------------------------------------
     0 | D:1      | worthlessgem the Felid Conjurer began the quest for the
                  | Orb.
     0 | D:1      | Reached XP level 1. HP: 7/7 MP: 4/4
   429 | D:1      | Reached XP level 2. HP: 11/11 MP: 4/6
   432 | D:1      | Learned a level 2 spell: Searing Ray
   619 | D:1      | Got the Guide on Moulding and Bewitchment
   825 | D:1      | Found a faded altar of an unknown god.
  1139 | D:2      | Reached XP level 3. HP: 14/14 MP: 4/8
  1234 | D:2      | Learned a level 3 spell: Dazzling Flash
  1473 | D:2      | Reached skill level 4 in Conjurations
  1650 | D:2      | Noticed Natasha
  1654 | D:2      | Killed from afar by Natasha

Illustrated notes

Levels and vault maps discovered:
D:1:      dpeg_arrival_solitude, layout_rooms, basic_ecumenical_altar
D:2:      layout_basic, minmay_cut_off, uniq_natasha, uniq_sigmund

Skill      XL: |  1  2  3 |
---------------+----------+-----
Spellcasting   | 3 |  3.2
Conjurations   | 4 |  4.0
Dodging        | |  2.6
Stealth        | |  2.6

Action                   || total
-------------------------++-------
Melee: Unarmed           ||    14
       Punch             ||     1
       Bite              ||     1
 Cast: Magic Dart        ||    34
       Searing Ray       ||    17
Armor: Skin              ||     3
Dodge: Dodged            ||    15
